 Dungeon Crawl Stone Soup version 0.29-a0-334-gb41bcbb86e (webtiles) character file.

Game seed: 15122358159707387162

70 rageheart7 the Magician (level 4, -1/24 HPs)
             Began as a Kobold Venom Mage on Apr 15, 2022.
             Shot with an arrow by a centaur (3 damage)
             ... on level 3 of the Dungeon.
             The game lasted 00:03:34 (2048 turns).

rageheart7 the Magician (Kobold Venom Mage)         Turns: 2048, Time: 00:03:35

Health: -1/24      AC:  6    Str:  5    XL:     4   Next: 45%
Magic:  4/9        EV: 15    Int: 18    God:
Gold:   113        SH:  0    Dex: 15    Spells: 7/10 levels left

rFire   . . .      SeeInvis .   d - +0 dagger
rCold   . . .      Faith    .   (no shield)
rNeg    . . .      Spirit   .   a - +0 robe
rPois   .          Reflect  .   h - +2 helmet
rElec   .          Harm     .   (no cloak)
rCorr   .          Rampage  .   (no gloves)
Will    .....                   i - +0 pair of boots
Stlth   +++.......              (no amulet)
HPRegen 0.08/turn               (no ring)
MPRegen 0.11/turn               (no ring)

@: very slightly contaminated
A: small, no large weapons, nightstalker 3
a: no special abilities


You were on level 3 of the Dungeon.
You visited 1 branch of the dungeon, and saw 3 of its levels.

You collected 113 gold pieces.

Inventory:

Hand Weapons
 d - a +0 dagger (weapon)
Armour
 a - a +0 robe (worn)
 h - a +2 helmet (worn)
 i - a +0 pair of boots (worn)
Scrolls
 g - a scroll of enchant armour {unknown}
 l - a scroll of amnesia {unknown}
 m - a scroll of immolation {unknown}
 n - a scroll of noise {unknown}
Potions
 b - a potion of magic
 e - 2 potions of curing
 k - a potion of attraction {unknown}


   Skills:
 - Level 2.4 Dodging
 - Level 2.6 Stealth
 * Level 3.5 Spellcasting
 - Level 2.0 Transmutations
 + Level 3.5 Poison Magic


You had 7 spell levels left.
You knew the following spells:

 Your Spells              Type           Power      Damage    Failure   Level
a - Sting                 Tmut/Pois      52%        1d5       4%          1
b - Poisonous Vapours     Pois/Air       18%        N/A       12%         2

Your spell library contained the following spells:

 Spells                   Type           Power      Damage    Failure   Level
 Mephitic Cloud           Conj/Pois/Air  7%         N/A       28%         3
 Olgreb's Toxic Radiance  Pois           15%        N/A       36%         4


Dungeon Overview and Level Annotations

Branches:
Dungeon (3/15)

Altars:


Innate Abilities, Weirdness & Mutations

You are small and have problems with some larger weapons.
You are completely attuned to the shadows.


Message History

A centaur comes into view.
The centaur wields a +0 shortbow of freezing.
It is covered in frost.
The centaur shoots an arrow.
The arrow misses you.
Okay, then.
Casting: Sting (safe; 4% risk of failure)
Confirm with . or Enter, or press ? or * to list all spells.
Aiming: Sting (safe; 4% risk of failure)
Press: ? - help, Shift-Dir - straight line, f - centaur
Aim: a centaur, wielding a +0 shortbow of freezing (83% to hit)
You miscast Sting.
You are very lightly contaminated with residual magic.
Nothing appears to happen.
The centaur shoots an arrow.
The arrow hits you! The arrow freezes you.
Casting: Sting (safe; 4% risk of failure)
Confirm with . or Enter, or press ? or * to list all spells.
Aiming: Sting (safe; 4% risk of failure)
Press: ? - help, Shift-Dir - straight line, f/p - centaur
Aim: a centaur, wielding a +0 shortbow of freezing (83% to hit)
The sting hits the centaur but does no damage.
The centaur is poisoned.
The centaur shoots an arrow.
The arrow completely misses you.
The centaur shoots an arrow.
The arrow misses you.
Casting: Sting (safe; 4% risk of failure)
Confirm with . or Enter, or press ? or * to list all spells.
Aiming: Sting (safe; 4% risk of failure)
Press: ? - help, Shift-Dir - straight line, f/p - centaur
Aim: a centaur, wielding a +0 shortbow of freezing (lightly wounded, poisoned, 83% to hit)
The sting hits the centaur.
The centaur looks even sicker.
The centaur is lightly wounded.
The centaur shoots an arrow.
The arrow hits you but does no damage.
Casting: Sting (safe; 4% risk of failure)
Confirm with . or Enter, or press ? or * to list all spells.
Aiming: Poisonous Vapours (safe; 12% risk of failure)
Press: ? - help, Dir - move target, f/p - centaur
Aim: a centaur, wielding a +0 shortbow of freezing (lightly wounded, very poisoned) Poisonous vapours surround the centaur!
The centaur looks even sicker.
The centaur shoots an arrow.
The arrow hits you.
* * * LOW HITPOINT WARNING * * *
The arrow freezes you.
You die...

......#
......###
.........
.......#
....@..#
.......#
.......#
.c.....#
.......#


You could see a centaur (very poisoned).

Vanquished Creatures
  2 adders (D:2)
  A gnoll (D:2)
  An orc (D:2)
  5 ball pythons (D:1)
  8 bats
  3 endoplasms (D:1)
  2 giant cockroaches
  5 goblins
  A hobgoblin (D:2)
  3 quokkas (D:2)
  5 frilled lizards
  3 kobolds
  3 rats
42 creatures vanquished.

Notes
Turn   | Place    | Note
-------+----------+-------------------------------------------
     0 | D:1      | rageheart7 the Kobold Venom Mage began the quest for the
                  | Orb.
     0 | D:1      | Reached XP level 1. HP: 10/10 MP: 3/3
   413 | D:1      | Reached XP level 2. HP: 14/15 MP: 0/5
   931 | D:1      | Reached XP level 3. HP: 19/19 MP: 7/7
  1051 | D:2      | Learned a level 2 spell: Poisonous Vapours
  1181 | D:2      | Reached XP level 4. HP: 19/24 MP: 4/8
  2044 | D:3      | Noticed a centaur
  2048 | D:3      | Shot with an arrow by a centaur

Illustrated notes

Levels and vault maps discovered:
D:1:      minmay_arrival_open_corners, layout_basic,
          chequers_serial_rivers_micro_a,
          nicolae_concentric_dashed_squares_wild, minmay_tiny_reverse_x
D:2:      minmay_alternating_diamond, layout_basic
D:3:      layout_basic, hellmonk_ecumenical_altar_inner_sanctum

Skill      XL: |  1  2  3  4 |
---------------+-------------+-----
Spellcasting   | 3 |  3.5
Transmutations | 2 |  2.0
Dodging        | |  2.4
Stealth        | |  2.6
Poison Magic   | |  3.5

Action                   |  1- 3 |  4- 6 || total
-------------------------+-------+-------++-------
Melee: Dagger            |    48 |    26 ||    74
       Unarmed           |     3 |       ||     3
       Punch             |     1 |       ||     1
 Cast: Sting             |    24 |    14 ||    38
       Poisonous Vapours |       |     1 ||     1
  Use: Scroll            |       |     3 ||     3
 Stab: Sleeping          |    14 |     2 ||    16
Armor: Robe              |    18 |     7 ||    25
Dodge: Dodged            |    68 |    23 ||    91

Table legend: (Time is in decaauts)
 A = Elapsed time spent in this place.
 B = Non-inter-level travel time spent in this place.
 C = Inter-level travel time spent in this place.
 D = Time resting spent in this place.
 E = Time spent auto-exploring this place.
 F = Levels seen in this place.
 G = Mean time per level.
                   A        B        C        D        E       F      G
               +--------+--------+--------+--------+--------+-----+--------+
         Total |   2047 |   1989 |     58 |      0 |   1685 |   3 |  682.3 |
       Dungeon |   2047 |   1989 |     58 |      0 |   1685 |   3 |  682.3 |
               +--------+--------+--------+--------+--------+-----+--------+

Top non-repeatable levels by time:
     D:1: 1033 daAuts
     D:2: 1007 daAuts
     D:3: 6 daAuts
